 Dungeon Crawl Stone Soup version 0.29-a0-648-g6b26cc9f40 (webtiles) character file.

Game seed: 12266112115884533206

1676 skullybones the Schismatic (level 8, -4/62 HPs)
             Began as a Demonspawn Abyssal Knight on June 21, 2022.
             Was an Elder of Lugonu.
             Killed from afar by Maggie (19 damage)
             ... with a bolt of fire
             ... on level 7 of the Dungeon.
             The game lasted 00:11:55 (7279 turns).

skullybones the Schismatic (DsAK)                   Turns: 7279, Time: 00:11:56

Health: -4/62      AC: 13    Str: 13    XL:     8   Next: 70%
Magic:  13/13      EV: 13    Int: 17    God:    Lugonu [****..]
Gold:   86         SH:  0    Dex: 15    Spells: 5/7 levels left

rFire   . . .      SeeInvis .   F - +12 pair of quick blades "Gyre" and "Gimble" {protect, rare}
rCold   . . .      Faith    .   (shield currently unavailable)
rNeg    . . .      Spirit   .   b - +0 leather armour
rPois   .          Reflect  .   (no helmet)
rElec   .          Harm     .   e - +1 cloak
rCorr   .          Rampage  .   q - +0 pair of gloves
Will    .....                   (no boots)
Stlth   ++........              (no amulet)
HPRegen 0.20/turn               (no ring)
MPRegen 0.13/turn               (no ring)

@: under a protective aura
A: hooves 1, demonic guardian 1, big brain 2
a: Renounce Religion, Depart the Abyss, Bend Space, Banish, Corrupt


You were on level 7 of the Dungeon.
You worshipped Lugonu.
Lugonu was greatly pleased with you.
You visited 1 branch of the dungeon, and saw 7 of its levels.
You visited the Abyss 1 time.

You collected 936 gold pieces.
You spent 850 gold pieces at shops.


Innate Abilities, Weirdness & Mutations

You have large cloven feet.
A weak demonic guardian rushes to your aid.
You have an extremely huge brain. (Int +4)


   Skills:
 - Level 5.3 Fighting
 + Level 4.2 Short Blades
 - Level 2.1 Polearms
 - Level 2.0 Armour
 + Level 4.3 Dodging
 + Level 1.9 Stealth
 + Level 4.4 Hexes
 + Level 7.0 Invocations


You had 5 spell levels left.
You knew the following spells:

 Your Spells              Type           Power      Damage    Failure   Level
e - Ensorcelled Hibernat  Hex/Ice        14%        N/A       19%         2

Your spell library contained the following spells:

 Spells                   Type           Power      Damage    Failure   Level
 Apportation              Tloc           0%         N/A       30%         1
 Necrotize                Necr           0%         1d4       30%         1
 Shock                    Conj/Air       0%         1d3       30%         1
 Summon Small Mammal      Summ           0%         N/A       30%         1
 Spider Form              Tmut/Pois      0%         N/A       65%         3
 Swiftness                Air            0%         N/A       65%         3
 Anguish                  Hex/Necr       3%         N/A       77%         4
 Airstrike                Air            0%         N/A       96%         4

Inventory:

Hand Weapons
 a - a +1 spear
 m - a +0 dagger
   (You took it off a kobold on level 2 of the Dungeon)
 F - the +12 pair of quick blades "Gyre" and "Gimble" (weapon) {protect, rare}
   (You bought it in a shop on level 2 of the Dungeon)

   It grants its wielder temporary protection when it strikes (+7 to AC).
Missiles
 f - 37 stones
 p - 6 poisoned darts
 u - 2 boomerangs
Armour
 b - a +0 leather armour (worn)
 c - a +0 leather armour
   (You found it on level 1 of the Dungeon)
 e - a +1 cloak (worn)
   (You found it on level 1 of the Dungeon)
 h - a +0 robe
   (You found it on level 1 of the Dungeon)
 i - a +0 leather armour
   (You found it on level 1 of the Dungeon)
 o - a +0 ring mail
   (You found it on level 2 of the Dungeon)
 q - a +0 pair of gloves (worn)
   (You found it on level 3 of the Dungeon)
 v - a +0 chain mail
   (You took it off an orc on level 4 of the Dungeon)
 w - a +0 robe
   (You took it off Sigmund on level 6 of the Dungeon)
 y - a +0 chain mail
   (You took it off an orc on level 5 of the Dungeon)
 A - a +0 robe
   (You took it off an orc wizard on level 5 of the Dungeon)
 B - a +0 scale mail
   (You found it on level 5 of the Dungeon)
 C - a +0 plate armour
   (You found it on level 6 of the Dungeon)
 D - a +0 robe
   (You took it off an orc wizard on level 6 of the Dungeon)
Scrolls
 d - a scroll of silence {!r}
 k - a scroll of brand weapon
 s - 2 scrolls of teleportation {@r4}
 E - 3 scrolls of identify {@r1}
 H - a scroll of amnesia {unknown}
Potions
 g - 2 potions of berserk rage {!q}
 j - a potion of curing {@q1}
 n - a potion of might {unknown}
 r - 2 potions of ambrosia
 t - a potion of brilliance {unknown}
 x - a potion of magic
 z - a potion of cancellation
 G - 2 potions of degeneration {unknown}
Miscellaneous
 l - a phantom mirror (inert)
   (You found it on level 4 of the Dungeon)

Dungeon Overview and Level Annotations

Branches:
Dungeon (7/15) Zot: 26936  Temple (0/1) D:4

Altars:

Shops:
D:2 *

Annotations:
D:3 3 runed translucent doors, logorrheac's ghost, amateur OpVM
D:7 Maggie

#.#.......## #...#
#........## ##....#
#.......## ##...$.#
#......## ##......##
.########.#...##
#.........
..........##.##
##......... ###......###
####..........
######..####†.†..........
##..#.@5{...........
##...##............
#.###.............
...##..............
.....##..............
5......##..............
.......###............
.......# ##..........
.......# ####......


You could see a friendly iron imp (summoned).


Message History

You hit the killer bee.
You kick the killer bee, but do no damage.
You hit the killer bee.
You kill the killer bee!
Lugonu accepts your kill.
You feel sick. The killer bee completely misses you.
You puncture the killer bee! You kick the killer bee.
You completely miss the killer bee.
You feel sick.
The killer bee stings you but does no damage.
The killer bee closely misses you. 😨 HP[-2]
You take 2 damage, and now have 30/62 hp.
You hit the killer bee. Your kick misses the killer bee.
You closely miss the killer bee.
You feel sick. The killer bee misses you.
The killer bee barely misses you. 😨 HP[-1]
You take 1 damage, and now have 29/62 hp.
You closely miss the killer bee. You kick the killer bee.
You kill the killer bee!
Lugonu accepts your kill.
You feel sick. The killer bee stings you.
* * * LOW HITPOINT WARNING * * *
😨 HP[-4]
You take 4 damage, and now have 25/62 hp.
You hit the killer bee. You barely miss the killer bee.
The killer bee stings you but does no damage.
The killer bee stings you.
* * * LOW HITPOINT WARNING * * *
You are more poisoned.
The killer bee poisons you! 😨 HP[-4]
You take 4 damage, and now have 21/62 hp.
You hit the killer bee. Your kick misses the killer bee.
You hit the killer bee.
You feel sick.
The killer bee stings you but does no damage. x2
Something hits you.
* * * LOW HITPOINT WARNING * * *
Something burns you.
* * * LOW HITPOINT WARNING * * *
😨 HP[-4]
You take 4 damage, and now have 17/62 hp.
Unknown command.
You feel better. The killer bee closely misses you.
The killer bee barely misses you.
The killer bee stings you but does no damage. x2
Something hits you.
* * * LOW HITPOINT WARNING * * *
Something burns you.
* * * LOW HITPOINT WARNING * * *
😨 HP[+4]
You regained 4 hp, and now have 21/62 hp.
You hit the killer bee. Your kick misses the killer bee.
You hit the killer bee but do no damage.
The killer bee stings you but does no damage.
The killer bee misses you.
You closely miss the killer bee. You puncture the killer bee!
You kill the killer bee!
Lugonu accepts your kill.
The killer bee stings you but does no damage.
Something hits you!
* * * LOW HITPOINT WARNING * * *
Something burns you.
* * * LOW HITPOINT WARNING * * *
A demonic guardian appears! 😱 HP[-10] MP[+1]
You take 10 damage, and now have 11/62 hp.
Your mp is fully restored (13).
Unknown command.
You closely miss the killer bee. You barely miss the killer bee.
The killer bee stings you.
* * * LOW HITPOINT WARNING * * *
You puncture the killer bee! Your kick misses the killer bee.
You puncture the killer bee!
You kill the killer bee!
Lugonu accepts your kill. Something hits you.
* * * LOW HITPOINT WARNING * * *
Something burns you.
* * * LOW HITPOINT WARNING * * *
Your Invocations skill increases to level 7! 😱 HP[-8]
You take 8 damage, and now have 3/62 hp.
You feel better.
You hear some strange, mumbled words. 😱 HP[+8]
You regained 8 hp, and now have 11/62 hp.
You hear some strange, mumbled words.
Something hits you.
* * * LOW HITPOINT WARNING * * *
Something burns you.
* * * LOW HITPOINT WARNING * * *
😱 HP[-6]
You take 6 damage, and now have 5/62 hp.
You feel better.
You hear some strange, mumbled words.
A bolt of fire appears from out of thin air!
The bolt of fire hits your iron imp.
Your iron imp completely resists.
The bolt of fire hits you!!
You die...

Skill      XL: |  1  2  3  4  5  6  7  8 |
---------------+-------------------------+-----
Polearms       | 2 |  2.1
Armour         | 2 |  2.0
Invocations    | 3 4 5 6 7 |  7.0
Dodging        | 1 2 3 4 |  4.3
Short Blades   | 1 2 3 4 |  4.2
Hexes          | 1 2 3 4 |  4.4
Fighting       | 4 5 |  5.3
Stealth        | 1 |  1.9

Action                   |  1- 3 |  4- 6 |  7- 9 || total
-------------------------+-------+-------+-------++-------
Melee: Spear             |    85 |   183 |   128 ||   396
       Kick              |       |    29 |    44 ||    73
       Punch             |       |     2 |     1 ||     3
       Pair of quick bla |       |       |    25 ||    25
Throw: Boomerang         |       |       |     3 ||     3
 Cast: Ensorcelled Hiber |       |       |     1 ||     1
Invok: Bend Space        |       |       |     1 ||     1
Evoke: Wand              |     3 |     3 |     3 ||     9
       Phantom mirror    |       |       |     1 ||     1
  Use: Scroll            |     4 |     7 |       ||    11
       Potion            |       |     1 |     3 ||     4
 Stab: Sleeping          |     2 |       |     1 ||     3
       Paralysed         |       |     5 |    21 ||    26
Armor: Leather armour    |    20 |    51 |    50 ||   121
Dodge: Dodged            |    27 |   110 |    88 ||   225

Levels and vault maps discovered:
D:1:      amcnicky_arrival_single_pillar, layout_basic
D:2:      layout_basic, shapermc_ecumenical_altar_mp_highgroup, serial_shops,
          shop
D:3:      layout_basic, ebering_ghost_rock_garden
D:4:      minmay_clustersquares, layout_basic, minmay_temple_entry_statues,
          minmay_crystal_water, uniq_menkaure
D:5:      layout_cave_pools
D:6:      layout_gridville, uniq_sigmund
D:7:      layout_cave_pods, uniq_maggie

Notes
Turn   | Place    | Note
-------+----------+-------------------------------------------
     0 | Abyss:1  | skullybones the Demonspawn Abyssal Knight began the quest
                  | for the Orb.
     0 | Abyss:1  | Reached XP level 1. HP: 18/18 MP: 2/2
     0 | Abyss:1  | magus.rc [v1.11.3]
    33 | Abyss:1  | Found a snail-covered altar of Cheibriados.
    44 | D:1      | You pass through the gate.
    44 | D:1      | Escaped the Abyss
   329 | D:1      | Reached skill level 2 in Polearms
   358 | D:1      | Reached skill level 2 in Armour
   358 | D:1      | Gained mutation: A weak demonic guardian rushes to your
                  | aid. [demonic ancestry]
   358 | D:1      | Reached XP level 2. HP: 19/24 MP: 4/4
   652 | D:2      | You pick up a book of Air and begin reading...
   652 | D:2      | You add the spells Shock, Swiftness and Airstrike to your
                  | library.
   750 | D:2      | Found Kohag's General Store.
   754 | D:2      | Found a faded altar of an unknown god.
   889 | D:2      | Reached skill level 3 in Invocations
  1206 | D:2      | Reached skill level 1 in Dodging
  1717 | D:3      | Gained mutation: You have an unusually large brain. (Int
                  | +2) [demonic ancestry]
  1717 | D:3      | Reached XP level 3. HP: 29/29 MP: 5/5
  1726 | D:3      | You pick up a book of Dreams and begin reading...
  1726 | D:3      | You add the spells Ensorcelled Hibernation, Spider Form and
                  | Anguish to your library.
  1742 | D:3      | Learned a level 2 spell: Ensorcelled Hibernation
  2059 | D:3      | Found a runed translucent gate.
  2059 | D:3      | Found a runed translucent gate.
  2059 | D:3      | Found a runed translucent gate.
  2061 | D:3      | Noticed logorrheac's ghost (amateur OpVM)
  2326 | D:4      | Noticed Menkaure
  2332 | D:4      | HP: 7/29 [??? (5)]
  2334 | D:4      | Killed Menkaure
  2335 | D:4      | Reached skill level 1 in Short Blades
  2335 | D:4      | Reached skill level 1 in Hexes
  2335 | D:4      | Gained mutation: You have an extremely huge brain. (Int +4)
                  | [demonic ancestry]
  2335 | D:4      | Reached XP level 4. HP: 7/37 MP: 6/6
  2335 | D:4      | Reached XP level 5. HP: 8/42 MP: 7/7
  2603 | D:4      | Found a staircase to the Ecumenical Temple.
  2613 | D:4      | Reached *** piety under Lugonu
  2695 | D:4      | Reached skill level 2 in Dodging
  2695 | D:4      | Reached skill level 4 in Invocations
  2829 | D:4      | Noticed a phantom
  2831 | D:4      | Identified a scroll of acquirement
  2832 | D:4      | Acquired 631 gold pieces
  2845 | D:4      | Killed a phantom
  2846 | D:4      | Reached skill level 4 in Fighting
  2846 | D:4      | Reached skill level 2 in Hexes
  2921 | D:4      | Gained mutation: You have large cloven feet. [demonic
                  | ancestry]
  2921 | D:4      | Reached XP level 6. HP: 48/48 MP: 9/9
  3563 | D:3      | Reached skill level 2 in Short Blades
  4532 | D:5      | Entered Level 5 of the Dungeon
  4555 | D:5      | Reached skill level 5 in Invocations
  4555 | D:5      | Reached XP level 7. HP: 41/55 MP: 10/10
  4640 | D:5      | Reached skill level 3 in Dodging
  4949 | D:5      | Reached skill level 3 in Hexes
  5146 | D:5      | Reached skill level 3 in Short Blades
  5631 | D:6      | Noticed Sigmund
  5988 | D:5      | Reached skill level 5 in Fighting
  6228 | D:6      | Killed Sigmund
  6229 | D:6      | Reached skill level 6 in Invocations
  6229 | D:6      | Reached XP level 8. HP: 62/62 MP: 9/12
  6599 | D:5      | Reached **** piety under Lugonu
  6798 | D:2      | Bought the +12 pair of quick blades "Gyre" and "Gimble"
                  | {protect} for 850 gold pieces
  6798 | D:2      | F - the +12 pair of quick blades "Gyre" and "Gimble"
                  | {protect, rare}
  6798 | D:2      | Found the +12 pair of quick blades "Gyre" and "Gimble"
                  | {protect, rare}
  6798 | D:2      | the +12 pair of quick blades "Gyre" and "Gimble" {protect,
                  | rare} hums with potential!
  6798 | D:2      | F - the +12 pair of quick blades "Gyre" and "Gimble"
                  | (weapon) {protect, rare}
  7086 | D:6      | Reached skill level 4 in Dodging
  7086 | D:6      | Reached skill level 4 in Hexes
  7227 | D:7      | You pick up a book of Cantrips and begin reading...
  7227 | D:7      | You add the spells Necrotize, Summon Small Mammal and
                  | Apportation to your library.
  7244 | D:7      | Reached skill level 1 in Stealth
  7250 | D:7      | Noticed Maggie
  7261 | D:7      | Reached skill level 4 in Short Blades
  7273 | D:7      | HP: 14/62 [something (7)]
  7275 | D:7      | HP: 5/62 [something (6)]
  7276 | D:7      | Reached skill level 7 in Invocations
  7279 | D:7      | Killed from afar by Maggie

Vanquished Creatures
  3 ice beasts
  A centaur (D:5)
  2 phantoms (D:4)
  2 bullfrogs
  A scorpion (D:3)
  6 killer bees (D:7)
  A howler monkey (D:5)
  3 jellies
  3 hounds
  2 orc priests
  2 orc wizards
  3 adders
  2 white imps (D:5)
  An ufetubus (D:4)
  A worm (D:4)
  2 dart slugs (D:1)
  8 orcs
  4 endoplasms
  5 goblins
  7 hobgoblins
  5 jackals (D:4)
  6 ball pythons
  3 bats
  2 frilled lizards
  9 kobolds
  8 rats
92 creatures vanquished.

Vanquished Creatures (collateral kills)
  Sigmund (D:6)
  Menkaure (D:4)
  An endoplasm (D:2)
  A goblin (D:4)
4 creatures vanquished.

Grand Total: 96 creatures vanquished

Table legend:
 A = Non-vault XP
 B = Vault XP
 C = Vault XP percentage of total XP
 D = Non-vault monster count
 E = Vault monster count
 F = Vault count percentage of total count
                 A         B        C        D         E       F
            +---------+---------+-------+---------+---------+-------
      Total |    1833 |     562 |  23.5 |      82 |      14 |  14.6
            +---------+---------+-------+---------+---------+-------
        D:1 |      17 |       0 |   0.0 |      10 |       0 |   0.0
        D:2 |      16 |       0 |   0.0 |      12 |       0 |   0.0
        D:3 |      93 |       2 |   2.1 |       9 |       2 |  18.2
        D:4 |     260 |     334 |  56.2 |      23 |      11 |  32.4
        D:5 |     675 |       0 |   0.0 |      14 |       0 |   0.0
        D:6 |     302 |     226 |  42.8 |       7 |       1 |  12.5
        D:7 |     470 |       0 |   0.0 |       7 |       0 |   0.0
            +---------+---------+-------+---------+---------+-------

Illustrated notes

Table legend:
 A = Kills in this place as a percentage of kills in entire the game.
 B = Kills by you in this place as a percentage of kills by you in the entire game.
 C = Kills by friends in this place as a percentage of kills by friends in the entire game.
 D = Other kills in this place as a percentage of other kills in the entire game.
 E = Experience gained in this place as a percentage of experience gained in the entire game.
 F = Experience gained in this place divided by the number of levels of this place that you have seen.
                   A       B       C       D       E      F
               +-------+-------+-------+-------+-------+----------------------
         Total | 100.0 | 100.0 | 100.0 |   N/A | 100.0 | 299.4
       Dungeon | 100.0 | 100.0 | 100.0 |   N/A | 100.0 | 342.1
               +-------+-------+-------+-------+-------+----------------------

Table legend: (Time is in decaauts)
 A = Elapsed time spent in this place.
 B = Non-inter-level travel time spent in this place.
 C = Inter-level travel time spent in this place.
 D = Time resting spent in this place.
 E = Time spent auto-exploring this place.
 F = Levels seen in this place.
 G = Mean time per level.
                   A        B        C        D        E       F      G
               +--------+--------+--------+--------+--------+-----+--------+
         Total |   7278 |   6996 |    282 |   1913 |   4129 |   8 |  909.8 |
       Dungeon |   7234 |   6952 |    282 |   1913 |   4096 |   7 | 1033.4 |
         Abyss |     44 |     44 |      0 |      0 |     33 |   1 |   44.0 |
               +--------+--------+--------+--------+--------+-----+--------+

Top non-repeatable levels by time:
     D:4: 1945 daAuts
     D:5: 1623 daAuts
     D:3: 1322 daAuts
     D:2: 1009 daAuts
     D:6: 672 daAuts
     D:1: 598 daAuts
     D:7: 62 daAuts
 Abyss:1: 44 daAuts
